 Dungeon Crawl Stone Soup version 0.29-a0-993-g4a18f31a58 (webtiles) character file.

Game seed: 18213345430773234863

3 xian the Magician (level 1, -3/13 HPs)
             Began as a Demonspawn Hedge Wizard on Aug 2, 2022.
             Slain by a gnoll
             ... wielding a +0 whip
              (8 damage)
             ... on level 1 of the Dungeon.
             The game lasted 00:01:38 (360 turns).

xian the Magician (Demonspawn Hedge Wizard)          Turns: 360, Time: 00:01:39

Health: -3/13      AC:  3    Str: 10    XL:     1   Next: 41%
Magic:  1/4        EV: 11    Int: 15    God:
Gold:   5          SH:  0    Dex: 12    Spells: 5/6 levels left

rFire   . . .      SeeInvis .   a - +0 dagger
rCold   . . .      Faith    .   (no shield)
rNeg    . . .      Spirit   .   f - +0 leather armour
rPois   .          Reflect  .   c - +0 hat
rElec   .          Harm     .   (no cloak)
rCorr   .          Rampage  .   (no gloves)
Will    .....                   (no boots)
Stlth   ++........              (no amulet)
HPRegen 0.04/turn               (no ring)
MPRegen 0.09/turn               (no ring)

@: no status effects
A: no striking features
a: no special abilities


You were on level 1 of the Dungeon.
You visited 1 branch of the dungeon, and saw 1 of its levels.

You collected 5 gold pieces.

Inventory:

Hand Weapons
 a - a +0 dagger (weapon)
Armour
 c - a +0 hat (worn)
 f - a +0 leather armour (worn)
Scrolls
 b - a scroll of identify {unknown}
 e - a scroll of immolation {unknown}
Potions
 d - a potion of magic
 g - a potion of curing {unknown}


   Skills:
 + Level 1.7 Dodging
 + Level 1.8 Stealth
 + Level 3.1 Spellcasting
 + Level 1.0 Conjurations
 + Level 1.0 Summonings
 + Level 0.8 Translocations


You had 5 spell levels left.
You knew the following spells:

 Your Spells              Type           Power      Damage    Failure   Level
a - Magic Dart            Conj           20%        1d4       19%         1

Your spell library contained the following spells:

 Spells                   Type           Power      Damage    Failure   Level
 Slow                     Hex            8%         N/A       26%         1
 Call Imp                 Summ           5%         N/A       26%         2
 Blink                    Tloc           8%         N/A       28%         2
 Conjure Flame            Conj/Fire      3%         6-21      54%         3
 Mephitic Cloud           Conj/Pois/Air  3%         N/A       56%         3


Dungeon Overview and Level Annotations

Branches:
Dungeon (1/15)

Altars:


Message History

The endoplasm is severely wounded.
The endoplasm hits you but does no damage.
The magic dart hits the endoplasm.
You kill the endoplasm!
HP restored.
A gnoll comes into view. It is wielding a +0 whip.
A gnoll is nearby!
You miscast Magic Dart.
You are very lightly contaminated with residual magic.
Nothing appears to happen.
The magic dart hits the gnoll.
The gnoll is lightly wounded.
The gnoll shouts!
You miscast Magic Dart.
Nothing appears to happen.
The magic dart hits the gnoll.
The gnoll is moderately wounded.
A gnoll is nearby!
Your magical contamination has completely faded away.
Aiming: Magic Dart (safe; 19% risk of failure)
Press: ? - help, Q - select action Shift-Dir - straight line, f/p - gnoll
Aim: a gnoll, wielding a +0 whip (moderately wounded, 100% to hit)
The magic dart hits the gnoll.
The gnoll is moderately wounded.
Aiming: Magic Dart (safe; 19% risk of failure)
Press: ? - help, Q - select action Shift-Dir - straight line, f/p - gnoll
Aim: a gnoll, wielding a +0 whip (moderately wounded, 100% to hit)
The magic dart hits the gnoll but does no damage.
The gnoll is moderately wounded.
Unknown command.
The gnoll hits you with a +0 whip!
Ouch! That really hurt!
The gnoll attacks as you move away! The gnoll barely misses you.
Aiming: Magic Dart (safe; 19% risk of failure)
Press: ? - help, Q - select action Shift-Dir - straight line, f/p - gnoll
Aim: a gnoll, wielding a +0 whip (moderately wounded, 100% to hit)
The magic dart hits the gnoll.
The gnoll is heavily wounded.
The gnoll hits you with a +0 whip!
Ouch! That really hurt!
You die...

#.♣.♣..##......##
#.###.##........#
#.# #.#...~~~~..#
#.# #.[..⌠~~~~..##
#.# ##....~~~~...#
#.# ###.......).#
#.# #.......#.#
#.######.#.......#
#...@g.....♣.♣.###
########.###.#...#
#.♣#♣.♣.♣.#
#.........#
#.♣#♣#♣#♣## #.#
####.# #....# #..#
#.####


You could see a gnoll.

Vanquished Creatures
  An endoplasm (D:1)
  A quokka (D:1)
  A rat (D:1)
3 creatures vanquished.

Notes
Turn   | Place    | Note
-------+----------+-------------------------------------------
     0 | D:1      | xian the Demonspawn Hedge Wizard began the quest for the
                  | Orb.
     0 | D:1      | Reached XP level 1. HP: 13/13 MP: 4/4
   360 | D:1      | Slain by a gnoll

Illustrated notes

Levels and vault maps discovered:
D:1:      giann_wishing_wells, layout_loops_ring, serial_forest,
          infiniplex_forest_lined_3_way, infiniplex_forest_lined_room_2,
          infiniplex_forest_lined_2, infiniplex_forest_lined_2,
          shapermc_ecumenical_altar_mp_vishouse, serial_shops, shop,
          serial_park_tiny_pond

Action                   || total
-------------------------++-------
 Cast: Magic Dart        ||    14
Armor: Leather armour    ||     1
Dodge: Dodged            ||     2

Table legend: (Time is in decaauts)
 A = Elapsed time spent in this place.
 B = Non-inter-level travel time spent in this place.
 C = Inter-level travel time spent in this place.
 D = Time resting spent in this place.
 E = Time spent auto-exploring this place.
 F = Levels seen in this place.
 G = Mean time per level.
                   A        B        C        D        E       F      G
               +--------+--------+--------+--------+--------+-----+--------+
         Total |    360 |    360 |      0 |      0 |    277 |   1 |  360.0 |
       Dungeon |    360 |    360 |      0 |      0 |    277 |   1 |  360.0 |
               +--------+--------+--------+--------+--------+-----+--------+

Top non-repeatable levels by time:
     D:1: 360 daAuts
